 Dungeon Crawl Stone Soup version 0.22.1-1-ga44c0e5 (webtiles) character file.

19 Folque the Stinger (level 2, 0/15 HPs)
             Began as a Deep Elf Venom Mage on Oct 7, 2018.
             Succumbed to an adder's poison
             ... on level 2 of the Dungeon.
             The game lasted 00:02:22 (559 turns).

Folque the Stinger (Deep Elf Venom Mage)             Turns: 559, Time: 00:02:22

Health: 0/15       AC:  2    Str:  5    XL:     2   Next: 55%
Magic:  0/8        EV: 13    Int: 19    God:
Gold:   30         SH:  0    Dex: 15    Spells: 7/8 levels left

rFire    . . .     SeeInvis .   (no weapon)
rCold    . . .     Gourm    .   (no shield)
rNeg     . . .     Faith    .   a - +0 robe
rPois    .         Spirit   .   (no helmet)
rElec    .         Reflect  .   (no cloak)
rCorr    .         Harm     .   (no gloves)
MR       .....                  (no boots)
Stlth    ++........             (no amulet)
HPRegen  0.05/turn              (no ring)
MPRegen  0.11/turn              (no ring)

@: lethally poisoned (0 -> -4), very slightly contaminated
A: no striking features
a: no special abilities


You were on level 2 of the Dungeon.
You were not hungry.

You visited 1 branch of the dungeon, and saw 2 of its levels.

You collected 30 gold pieces.

Inventory:

Armour
 a - a +0 robe (worn)
Comestibles
 b - a chunk of flesh
 c - 2 rations


   Skills:
 + Level 0.2 Fighting
 - Level 2.5 Dodging
 - Level 2.5 Stealth
 + Level 3.5 Spellcasting
 - Level 1.1 Conjurations
 * Level 3.8 Poison Magic


You had 7 spell levels left.
You knew the following spells:

 Your Spells              Type           Power        Failure   Level  Hunger
a - Sting                 Conj/Pois      ##..         5%          1    None

Your spell library contained the following spells:

 Spells                   Type           Power        Failure   Level  Hunger
 Poisonous Vapours        Pois/Air       ##....       10%         2    ##.....
 Mephitic Cloud           Conj/Pois/Air  #.......     22%         3    ###....
 Olgreb's Toxic Radiance  Pois           ###.....     28%         4    ####...
 Venom Bolt               Conj/Pois      ##........   82%         5    ######.


Dungeon Overview and Level Annotations

Branches:
Dungeon (2/15)

Altars:
Cheibriados
Hepliaklqana
Qazlal
Ru
Yredelemnul
Zin


Message History

Casting: Sting (safe; 5% risk of failure)
Confirm with . or Enter, or press ? or * to list all spells.
Aiming: Sting (safe; 5% risk of failure)
Press: ? - help, Shift-Dir - straight line, f/p - adder
Aim: an adder (severely wounded)
The sting hits the adder.
The adder is poisoned.
The adder is almost dead.
The adder bites you.
* * * LOW HITPOINT WARNING * * *
You are lethally poisoned!
The adder poisons you!
You aren't carrying any potions.
As you read the scroll labeled VEITHA BIAPPE, it crumbles to dust.
You feel aware of your surroundings.
You sensed 1 altar.
It was a scroll of magic mapping.
* * * LOW HITPOINT WARNING * * *
You feel sick. The adder bites you but does no damage. The adder bites you.
* * * LOW HITPOINT WARNING * * *
Unknown command.
You die...

,,,,,**,,._.............# *
,,,***,,_..._...........# *
,,,***,,,....%.....*#.#.# *
,,,,,,,,,.⌠.._....###.#.# ***
,,,,,...................### **,,
,,,,,..._..._....####.....## *,,*
,****....._.....S......##..# *,,,
,****....................#.###...
,*,,,...........@...#..#.........
,,,,,,,#..........###..######....
*,**,,**#.........# #.## *,,,..
*,*,,** #........## #.# *,*,,,
*,*>** #.....<.## #.# *,*,,,
*,,,* *#..#.##.# #.# **,****
*,,** *#.(......# #.# *,,* ,,,*
*#.........# #.# ***,** ,,**
#..#.......#* *,* *,,,*


You could see an adder.

Vanquished Creatures
  2 bats (D:2)
  3 giant cockroaches (D:1)
  A goblin (D:1)
  3 hobgoblins (D:1)
  4 jackals (D:1)
  A kobold (D:1)
  A rat (D:1)
15 creatures vanquished.

Notes
Turn   | Place    | Note
-------+----------+-------------------------------------------
     0 | D:1      | Folque the Deep Elf Venom Mage began the quest for the Orb.
     0 | D:1      | Reached XP level 1. HP: 10/10 MP: 6/6
   145 | D:1      | Reached XP level 2. HP: 14/15 MP: 0/8
   512 | D:2      | Found a sacrificial altar of Ru.
   512 | D:2      | Found a hazy altar of Hepliaklqana.
   512 | D:2      | Found a snail-covered altar of Cheibriados.
   522 | D:2      | Found a stormy altar of Qazlal.
   525 | D:2      | Found a basalt altar of Yredelemnul.
   546 | D:2      | Found a glowing silver altar of Zin.
   559 | D:2      | Succumbed to an adder's poison

Action                   || total
-------------------------++-------
Melee: Unarmed           ||    22
 Cast: Sting             ||    38
  Use: Scroll            ||     1
Armor: Robe              ||     8
Dodge: Dodged            ||    43
